 Dungeon Crawl Stone Soup version 0.29.1-1-gd02db6906a (webtiles) character file.

Game seed: 6316384684535205824

247 tardwrangler69 the Digger (level 6, -1/36 HPs)
             Began as an Octopode Earth Elementalist on Oct 4, 2022.
             Slain by a scorpion (3 damage)
             ... on level 4 of the Dungeon.
             The game lasted 00:04:46 (3861 turns).

tardwrangler69 the Digger (OpEE)                    Turns: 3861, Time: 00:04:47

Health: -1/36      AC:  5    Str:  8    XL:     6   Next: 11%
Magic:  7/12       EV: 13    Int: 19    God:
Gold:   270        SH:  0    Dex: 12    Spells: 12/13 levels left

rFire   . . .      SeeInvis .   (no weapon)
rCold   . . .      Faith    .   (no shield)
rNeg    . . .      Spirit   .   (helmet restricted)
rPois   .          Reflect  .   (no amulet)
rElec   .          Harm     .   s - ring of resist corrosion
rCorr   +          Rampage  .   u - ring of flight
Will    .....                   y - +4 ring of protection
Stlth   +++.......              (no ring)
HPRegen 0.12/turn               (no ring)
MPRegen 0.13/turn               (no ring)
                                (no ring)
                                (no ring)

@: lethally poisoned (-1 -> -10), attractive, flying
A: almost no armour, amphibious, 8 rings, camouflage 1, gelatinous body 1,
(nimble swimmer 1), tentacles
a: no special abilities


You were on level 4 of the Dungeon.
You visited 1 branch of the dungeon, and saw 4 of its levels.

You collected 270 gold pieces.

Inventory:

Magical Staves
 q - a staff of fire
Jewellery
 s - a ring of resist corrosion (left tentacle)
 u - a ring of flight (right tentacle)
 y - a +4 ring of protection (on tentacle)
Scrolls
 c - a scroll of amnesia {unknown}
 e - a scroll of torment {unknown}
 f - 5 scrolls of identify {unknown}
 g - a scroll of teleportation {unknown}
 i - a scroll of vulnerability {unknown}
 j - a scroll of enchant weapon {unknown}
 k - a scroll of fear {unknown}
 n - a scroll of butterflies {unknown}
 p - a scroll of magic mapping {unknown}
 x - a scroll of enchant armour {unknown}
Potions
 a - a potion of magic
 b - a potion of attraction
 d - 2 potions of flight
 h - a potion of ambrosia {unknown}
 l - a potion of haste {unknown}
 m - 2 potions of might {unknown}
 o - a potion of degeneration {unknown}
 r - 2 potions of cancellation {unknown}
 t - a potion of mutation {unknown}
 v - a potion of invisibility {unknown}
 w - a potion of brilliance {unknown}


   Skills:
 - Level 2.0 Dodging
 - Level 2.6 Stealth
 + Level 4.2 Spellcasting
 - Level 1.0 Transmutations
 + Level 5.1 Earth Magic


You had 12 spell levels left.
You knew the following spells:

 Your Spells              Type           Power      Damage    Failure   Level
a - Sandblast             Erth           46%        2d11      1%          1

Your spell library contained the following spells:

 Spells                   Type           Power      Damage    Failure   Level
 Passwall                 Tmut/Erth      12%        N/A       6%          2
 Stone Arrow              Conj/Erth      26%        3d8       14%         3
 Petrify                  Tmut/Erth      15%        N/A       36%         4


Dungeon Overview and Level Annotations

Branches:
Dungeon (4/15)
 Temple: D:4-7

Altars:
Ru
Yredelemnul

Shops:
D:4 :


Innate Abilities, Weirdness & Mutations

You cannot wear most types of armour.
You are amphibious.
You can wear up to eight rings at the same time.
Your skin changes colour to match your surroundings (Stealth+).
Your rubbery body absorbs attacks. (AC +1, EV +1)
((You are camouflaged when in or above water. (Stealth+)))
You have tentacles for arms and can constrict up to eight enemies at once.


Message History

Press: ? - help, Shift-Dir - straight line, f/p - scorpion
Aim: a scorpion (heavily wounded, 83% to hit)
The blast of sand hits the scorpion but does no damage.
The scorpion is heavily wounded.
The scorpion completely misses you. The scorpion stings you.
You are poisoned.
The scorpion poisons you!
Casting: Sandblast (safe; 1% risk of failure)
Confirm with . or Enter, or press ? or * to list all spells.
Aiming: Sandblast (safe; 1% risk of failure)
Press: ? - help, Shift-Dir - straight line, f/p - scorpion
Aim: a scorpion (heavily wounded, 83% to hit)
The blast of sand hits the scorpion but does no damage.
The scorpion is heavily wounded.
You feel very sick. The scorpion stings you.
Casting: Sandblast (safe; 1% risk of failure)
Confirm with . or Enter, or press ? or * to list all spells.
Aiming: Sandblast (safe; 1% risk of failure)
Press: ? - help, Shift-Dir - straight line, f/p - scorpion
Aim: a scorpion (heavily wounded, 83% to hit)
The blast of sand hits the scorpion.
The scorpion is heavily wounded.
You feel very sick. The scorpion stings you.
* * * LOW HITPOINT WARNING * * *
You are lethally poisoned!
The scorpion poisons you! The scorpion barely misses you.
It was a potion of flight.
You feel more buoyant.
* * * LOW HITPOINT WARNING * * *
You feel very sick. The scorpion stings you.
* * * LOW HITPOINT WARNING * * *
It was a potion of attraction.
You feel attractive to monsters.
* * * LOW HITPOINT WARNING * * *
You feel very sick. The scorpion stings you.
You die...

#.........' ####
.............#.........#
....
.............#..........
###. ............
#####...... .#
........... #...... .#
.......... #...... .#
......... #...... .#
#......s# #...... .# #@#
#...... .# #.# ..#.##+#.
.# #.# ..# #. .# #.# ...
#. .# #.# #.# ###. .#
#.# #####.# .... ##
#.####...#.######≈
#....#..##.#....≈≈
#.##.#..........≈≈


You could see a scorpion.

Vanquished Creatures
  A black bear (D:4)
  A hound (D:4)
  A gnoll (D:4)
  4 adders
  A worm (D:4)
  3 dart slugs
  4 orcs
  5 bats
  12 endoplasms
  3 goblins
  7 hobgoblins
  A jackal (D:2)
  10 kobolds
  2 quokkas
  6 ball pythons
  3 rats (D:3)
64 creatures vanquished.

Vanquished Creatures (others)
  A plant (D:4)
1 creature vanquished.

Grand Total: 65 creatures vanquished

Notes
Turn   | Place    | Note
-------+----------+-------------------------------------------
     0 | D:1      | tardwrangler69 the Octopode Earth Elementalist began the
                  | quest for the Orb.
     0 | D:1      | Reached XP level 1. HP: 11/11 MP: 3/3
   359 | D:1      | Reached XP level 2. HP: 17/17 MP: 5/5
   370 | D:1      | Found a faded altar of an unknown god.
  1280 | D:2      | Reached XP level 3. HP: 19/21 MP: 4/7
  2336 | D:3      | Reached skill level 4 in Earth Magic
  2336 | D:3      | Reached XP level 4. HP: 15/27 MP: 4/8
  2745 | D:3      | Found a sacrificial altar of Ru.
  3021 | D:3      | Found a basalt altar of Yredelemnul.
  3265 | D:4      | Reached XP level 5. HP: 31/31 MP: 7/10
  3685 | D:4      | Noticed a black bear
  3714 | D:4      | Found Poarphecs's Self-Improvement Boutique.
  3727 | D:4      | Killed a black bear
  3728 | D:4      | Reached skill level 5 in Earth Magic
  3728 | D:4      | Reached XP level 6. HP: 36/36 MP: 6/12
  3861 | D:4      | Slain by a scorpion

Illustrated notes

Levels and vault maps discovered:
D:1:      lightli_arrival_noodles, layout_loops_corners,
          shapermc_ecumenical_altar_totnotflames, dk_noncrumbling_3
D:2:      layout_loops_cross, kennysheep_generic_room_4
D:3:      layout_loops_cross, mainiacjoe_overflow_swirl
D:4:      layout_basic, serial_bayou_pond_b, nicolae_shop_self_help

Skill      XL: |  1  2  3  4  5 |
---------------+----------------+-----
Spellcasting   | 3 4 |  4.2
Earth Magic    | 4 5 |  5.1
Dodging        | |  2.0
Stealth        | |  2.6
Transmutations | |  1.0

Action                   |  1- 3 |  4- 6 || total
-------------------------+-------+-------++-------
Melee: Unarmed           |     4 |     7 ||    11
       Tentacles         |     1 |     3 ||     4
       Constrict         |     1 |     1 ||     2
 Cast: Sandblast         |    47 |    53 ||   100
  Use: Potion            |       |     2 ||     2
 Stab: Sleeping          |     1 |       ||     1
Armor: Skin              |     2 |     4 ||     6
Dodge: Dodged            |     9 |    26 ||    35
